AoeStats
← chewie1706

Fortress

507651762Analyzed
3v3 RM · 12d ago on Sep 19, 2026· 51m 42s· 6 players
Game mode
Random Map
Map size
Large (8 player)
Population
200
Speed
Normal
Resources
Standard
Victory
Conquest
Starting age
Dark Age
Ending age
Imperial Age
RankedLock teamsTeams togetherTeam positionsShared explorationLock speedFull tech treeHidden civsTurbo modeCheats
Victory
Defeat
🇲🇽 Dravidians · Mexico
1590
+10
🇦🇷 Berbers · Argentina
1548
+12
🇲🇽 Byzantines · Mexico
1537
+12
🇫🇷 Cumans · France
1513
-14
🇫🇷 Wu · France
1461
-12
🇨🇭 Persians · Switzerland
1373
-8
chewie1706
6:22 Feudal Age
6:54 Double-Bit Axe
6:52 Horse Collar
23:23 Wheelbarrow
24:08 Gold Mining
24:09 Stone Mining
24:31 Town Watch
24:32 Loom
31:47 Castle Age
31:53 Fletching
35:22 Imperial Age
35:06 Heavy Plow
35:18 Bow Saw
39:17 Bodkin Arrow
40:27 Padded Archer Armor
41:01 Parthian Tactics
41:22 Bloodlines
42:46 Two-Man Saw
42:08 Caravan
42:46 Conscription
43:00 Thumb Ring
43:26 Onager
46:25 Conscription
45:29 Elite Kipchak
47:48 Conscription
48:32 Ballistics
49:13 Chemistry
48:58 Masonry
50:30 Siege Onager
Eras Mousse
8:10 Feudal Age
9:11 Horse Collar
12:00 Castle Age
10:05 Double-Bit Axe
11:28 Gold Mining
11:42 Scale Mail Armor
11:53 Forging
12:48 Squires
17:09 Loom
19:47 Chain Mail Armor
20:45 Iron Casting
22:17 Arson
21:58 Pikeman
25:54 Wheelbarrow
25:05 Town Watch
29:35 Imperial Age
29:49 Halberdier
31:04 Plate Mail Armor
32:54 Blast Furnace
36:18 Fletching
36:23 Elite Fire Archer
37:07 Bodkin Arrow
37:42 Hand Cart
38:10 Bracer
38:11 Padded Archer Armor
38:32 Ballistics
39:13 Chemistry
39:59 Leather Archer Armor
41:28 Bow Saw
41:38 Red Cliffs Tactics
41:59 Conscription
49:32 Masonry
AGS.Grimnel
6:58 Feudal Age
7:10 Feudal Age
9:43 Wheelbarrow
12:58 Castle Age
11:08 Double-Bit Axe
12:26 Horse Collar
13:47 Town Watch
15:00 Heavy Plow
15:28 Bow Saw
18:22 Loom
26:24 Imperial Age
24:21 Scale Barding Armor
25:41 Chain Barding Armor
25:38 Gold Mining
25:39 Stone Mining
26:50 Hand Cart
27:36 Forging
28:02 Plate Barding Armor
29:18 Iron Casting
29:23 Husbandry
29:33 Bloodlines
28:44 Cavalier
28:46 Light Cavalry
31:56 Blast Furnace
30:39 Savar
31:54 Conscription
31:40 Heavy Camel Rider
34:07 Caravan
42:08 Hussar
panzasmagno
7:36 Feudal Age
8:42 Loom
11:37 Castle Age
11:22 Double-Bit Axe
11:20 Horse Collar
13:40 Bow Saw
16:11 Wheelbarrow
17:41 Man-at-Arms
19:40 Scale Barding Armor
20:35 Fletching
23:36 Forging
41:23 Imperial Age
41:18 Chain Barding Armor
40:29 Pikeman
41:31 Padded Archer Armor
41:55 Bodkin Arrow
41:26 Crossbowman
42:13 Elite Skirmisher
43:19 Padded Archer Armor
44:06 Bracer
44:22 Leather Archer Armor
45:31 Two-Man Saw
43:59 Arbalester
46:23 Ring Archer Armor
46:47 Thumb Ring
47:11 Squires
48:04 Ballistics
48:45 Chemistry
48:22 Halberdier
49:38 Scale Mail Armor
SARASO
7:44 Feudal Age
11:27 Castle Age
11:22 Double-Bit Axe
11:19 Horse Collar
12:36 Bow Saw
12:26 Heavy Plow
13:58 Loom
22:52 Wheelbarrow
22:05 Town Watch
22:48 Gold Mining
22:52 Stone Mining
23:10 Caravan
25:33 Hand Cart
28:24 Imperial Age
26:18 Fletching
27:44 Padded Archer Armor
28:02 Thumb Ring
28:29 Bodkin Arrow
29:35 Hand Cart
29:57 Elite Elephant Archer
31:12 Ballistics
31:46 Bracer
32:53 Chemistry
32:33 Conscription
32:45 Elite Urumi Swordsman
33:43 Leather Archer Armor
34:37 Coinage
34:59 Medical Corps
35:14 Wootz Steel
35:35 Ring Archer Armor
36:16 Wootz Steel
36:28 Husbandry
36:44 Murder Holes
39:30 Two-Man Saw
38:21 Gold Mining
38:33 Town Patrol
39:16 Scale Mail Armor
39:27 Forging
38:38 Pikeman
39:32 Halberdier
40:13 Squires
39:58 Gambesons
39:58 Arson
41:37 Chain Mail Armor
41:58 Iron Casting
44:28 Hoardings
47:04 Blast Furnace
46:12 Guard Tower
52:24 Keep
DiegoRasta
8:26 Feudal Age
9:37 Horse Collar
11:58 Castle Age
9:55 Double-Bit Axe
12:52 Bow Saw
12:43 Heavy Plow
15:45 Loom
17:36 Wheelbarrow
20:04 Scale Barding Armor
20:08 Gold Mining
21:41 Chain Barding Armor
22:10 Bloodlines
23:05 Hand Cart
26:20 Imperial Age
24:45 Husbandry
25:47 Gold Shaft Mining
26:11 Forging
26:05 Fletching
26:32 Cavalier
28:28 Plate Barding Armor
30:25 Conscription
32:19 Iron Casting
33:20 Bodkin Arrow
35:00 Caravan
35:19 Bracer
36:06 Padded Archer Armor
37:13 Coinage
36:45 Elite Camel Archer
38:33 Banking
38:42 Banking
38:54 Leather Archer Armor
38:10 Light Cavalry
39:47 Ballistics
40:28 Chemistry
39:48 Hussar
40:57 Heavy Camel Rider
44:45 Blast Furnace
44:16 Ring Archer Armor
43:58 Thumb Ring
46:15 Siege Engineers
46:21 Masonry
46:25 Maghrebi Camels
47:33 Kasbah
48:30 Stone Mining
Connection lost

Rejoining the realm…

Still unreachable

The connection could not be restored.

Session expired

The server has moved on; the page needs a fresh start.